Map: Winter's Gate LE

Players

Maru

  • Race: Terran Terran
  • Spawn Location: 11:00

Dark - Winner!

  • Race: Zerg Zerg
  • Spawn Location: 5:00

Event: 2019 WCS Global FInals

VOD

https://youtu.be/T7fExr5SBc4?t=2644

Description

Time

  • Played on: Nov. 1, 2019, 8:13 p.m.
  • Length: 10:18

All games in this series

Show
View Real Time Build Order
Export as new Build Order

Maru Terran 

Build Orders: Reaper Expand 

Get SALT Encoding   

  12  0:00  SCV  
  13  0:13  SCV  
  14  0:17  Supply Depot  
  14  0:25  SCV  
  15  0:39  SCV  
  15  0:40  Barracks  
  16  0:45  Refinery  
  16  0:51  SCV  
  17  1:03  SCV  
  18  1:15  SCV  
  19  1:27  Reaper, Orbital Command  
  20  1:37  Command Center  
  20  1:50  Supply Depot  
  20  1:53  SCV  
  21  1:59  Marine  
  22  2:03  Factory  
  22  2:05  SCV  
  23  2:16  Refinery  
  23  2:17  SCV  
  23  2:21  Barracks Reactor  
  24  2:29  SCV  
  25  2:41  SCV  
  26  2:49  Orbital Command  
  26  2:51  Starport  
  26  2:53  SCV  
  27  3:05  SCV  
  27  3:06  Hellion x2  
  27  3:07  Barracks Tech Lab  
  32  3:16  SCV  
  32  3:18  SCV  
  34  3:20  Supply Depot  
  34  3:28  SCV  
  34  3:30  Hellion x2, Fusion Core, SCV  
  40  3:40  SCV  
  41  3:42  SCV  
  41  3:43  Supply Depot  
  42  3:50  Starport Tech Lab  
  42  3:52  SCV  
  42  3:54  SCV  
  44  4:00  Command Center  
  44  4:04  SCV  
  44  4:06  SCV  
  44  4:07  Supply Depot  
  46  4:17  SCV  
  47  4:18  Marine, SCV  
  47  4:22  Battlecruiser  
  55  4:25  Hellion  
  55  4:28  Hellion  
  55  4:29  SCV  
  60  4:35  SCV  
  60  4:37  Supply Depot  
  61  4:41  Marine, Stimpack  
  61  4:43  Refinery  
  62  4:46  Hellion  
  62  4:50  SCV  
  62  4:52  SCV  
  68  5:02  SCV  
  68  5:04  SCV  
  70  5:10  Barracks x2  
  70  5:12  Engineering Bay  
  68  5:14  SCV  
  68  5:15  Marine, Engineering Bay  
  68  5:16  Factory Reactor, SCV  
  71  5:26  SCV  
  70  5:31  Orbital Command  
  70  5:32  Supply Depot  
  70  5:39  Terran Infantry Weapons Level 1, Marine  
  69  5:46  Terran Infantry Armor Level 1  
  68  5:51  Supply Depot  
  68  5:52  Supply Depot x2  
  65  5:58  Marine  
  65  6:02  SCV  
  58  6:12  Marine x2, Factory Tech Lab, SCV  
  58  6:14  SCV  
  58  6:15  Marine x3  
  63  6:23  Starport Reactor  
  63  6:24  SCV  
  64  6:28  SCV  
  64  6:30  Marine x2  
  64  6:32  Combat Shield, Marine  
  63  6:33  Marine  
  63  6:38  Marine  
  63  6:39  Siege Tank  
  67  6:43  Refinery  
  67  6:47  Supply Depot  
  67  6:49  Supply Depot, Marine x2  
  67  6:50  Marine  
  70  6:59  Medivac x2  
  70  7:00  Marine x2  
  76  7:05  Command Center  
  76  7:11  Siege Tank, Marine x2  
  76  7:14  Marine  
  82  7:18  Marine x2  
  82  7:20  Refinery  
  82  7:21  SCV  
  85  7:22  Supply Depot  
  85  7:29  Medivac, Marine x2  
  89  7:31  SCV  
  89  7:32  Marine  
  89  7:34  Supply Depot  
  89  7:36  Marine  
  92  7:39  Marine  
  92  7:43  SCV  
  94  7:44  Siege Tank, SCV  
  94  7:47  Marine x2  
  94  7:49  Barracks  
  94  7:50  Barracks  
  100  7:56  Marine  
  101  8:00  Marine  
  101  8:01  Marine  
  101  8:02  Medivac  
  101  8:03  SCV  
  101  8:04  Marine  
  101  8:05  Marine  
  106  8:14  Medivac, Marine  
  106  8:18  Marine  
  106  8:19  Marine, Orbital Command  
  111  8:23  Siege Tank, SCV x2  
  111  8:24  Armory  
  113  8:31  Marine  
  104  8:35  SCV  
  104  8:37  Barracks Tech Lab  
  104  8:38  Barracks Tech Lab, SCV  
  104  8:43  Orbital Command  
  104  8:46  Marine x3, Marauder  
  104  8:47  Concussive Shells, SCV  
  108  8:52  Marine  
  108  8:54  SCV  
  105  8:59  SCV  
  106  9:06  SCV  
  106  9:07  Marauder  
  106  9:08  Marine x3, Marauder x2  
  106  9:09  Siege Tank  
  119  9:10  Marine  
  119  9:11  SCV  
  119  9:15  Supply Depot  
  119  9:28  Supply Depot x2  
  119  9:29  Supply Depot, Marauder  
  121  9:34  Marine x2  
  121  9:37  Marauder  
  121  9:38  Marine  
  123  9:45  Marine  
  123  9:50  Marauder  
  123  9:52  Marine  
  117  9:56  Marine  
Show
View Real Time Build Order
Export as new Build Order

Dark Zerg - Winner!

Build Orders: Hatch First 

Get SALT Encoding   

  12  0:00  Drone  
  13  0:12  Overlord  
  13  0:16  Drone  
  14  0:31  Drone x2  
  16  0:49  Hatchery  
  15  0:52  Drone  
  15  0:55  Drone  
  17  1:00  Drone  
  18  1:09  Extractor  
  17  1:14  Spawning Pool  
  17  1:16  Drone  
  17  1:20  Drone  
  18  1:29  Drone  
  19  1:40  Drone  
  20  1:50  Drone  
  21  2:00  Queen x2  
  26  2:01  Zergling x4  
  27  2:11  Overlord  
  27  2:12  Drone  
  28  2:22  Hatchery  
  27  2:28  Drone  
  28  2:32  Drone  
  28  2:35  Drone x2  
  31  2:40  Queen  
  31  2:44  Metabolic Boost  
  32  2:49  Overlord  
  32  2:54  Overlord  
  32  2:55  Drone  
  33  2:59  Drone  
  34  3:06  Drone  
  34  3:09  Drone  
  36  3:14  Drone x3  
  36  3:16  Queen  
  36  3:17  Drone  
  36  3:19  Drone  
  43  3:28  Drone  
  43  3:29  Drone  
  43  3:32  Roach Warren  
  44  3:40  Extractor x2  
  42  3:44  Drone x4  
  42  3:46  Drone x2  
  48  3:50  Drone x3  
  48  3:51  Drone x2  
  53  3:56  Overlord  
  53  3:58  Overlord  
  53  4:14  Roach x2  
  53  4:16  Roach x5  
  67  4:20  Roach x2  
  71  4:30  Overlord x2, Roach  
  73  4:50  Zergling x16  
  82  4:52  Zergling x2  
  82  4:53  Zergling x2  
  82  4:58  Ravager x3  
  82  4:59  Zergling x2  
  87  5:00  Zergling x6  
  87  5:04  Zergling x2  
  87  5:06  Overlord  
  90  5:08  Spore Crawler  
  90  5:09  Overlord  
  90  5:14  Overlord  
  89  5:16  Ravager  
  90  5:27  Zergling x2  
  90  5:28  Zergling x18  
  100  5:29  Ravager x3  
  100  5:31  Drone  
  101  5:37  Drone  
  101  5:40  Drone x2  
  103  5:44  Drone  
  101  5:50  Drone  
  101  5:55  Drone x2  
  101  5:56  Drone x3  
  94  5:57  Drone  
  94  6:00  Drone  
  94  6:01  Drone x2  
  91  6:05  Drone, Lair  
  91  6:06  Spore Crawler  
  91  6:08  Spore Crawler, Queen x2  
  89  6:20  Drone x5  
  89  6:21  Drone x2  
  89  6:22  Drone  
  95  6:30  Drone x3  
  95  6:31  Drone x2  
  94  6:41  Extractor  
  94  6:42  Evolution Chamber x2, Drone x2, Extractor  
  94  6:44  Extractor  
  94  6:45  Drone  
  92  6:48  Drone  
  92  6:49  Drone x3  
  92  6:50  Hatchery  
  95  6:55  Overlord x2  
  95  6:58  Roach x4  
  95  6:59  Roach x2  
  106  7:03  Glial Reconstitution  
  106  7:07  Roach x3  
  112  7:10  Zerg Missile Weapons Level 1  
  112  7:11  Zerg Ground Armor Level 1  
  112  7:20  Roach x5  
  112  7:21  Roach  
  124  7:26  Roach x3  
  130  7:30  Overlord  
  130  7:31  Overlord  
  130  7:34  Overlord  
  130  7:38  Overlord  
  130  7:40  Overlord  
  130  7:43  Roach  
  129  7:47  Overlord x2  
  129  7:51  Ravager x3  
  132  7:52  Ravager, Roach x4  
  132  7:54  Roach  
  132  7:56  Overlord  
  143  8:05  Roach x2  
  145  8:08  Roach  
  145  8:09  Roach x2  
  148  8:12  Ravager  
  148  8:13  Ravager  
  148  8:15  Spore Crawler  
  148  8:16  Ravager x3  
  148  8:17  Roach x2  
  146  8:37  Queen  
  146  8:38  Queen x2  
  146  8:39  Roach  
  146  8:40  Roach x8  
  146  8:41  Roach  
  170  8:42  Nydus Network, Roach  
  170  8:44  Roach  
  170  8:46  Roach  
  175  8:51  Roach  
  175  8:53  Roach x3  
  183  9:01  Roach x3  
  189  9:03  Overlord  
  189  9:11  Roach  
  191  9:18  Nydus Canal  
  191  9:21  Roach x2  
  187  9:28  Roach  
  189  9:32  Nydus Canal, Roach  
  189  9:44  Roach  
  185  9:52  Nydus Canal  
  185  9:55  Roach  
  185  9:56  Roach x9  
Tags
 
Add a new tag
Caveats
  • Supply blocks, unpowered buildings, or Contaminate may cause inaccurate times.
  • Supply counts are checked every 10 seconds.